 Dungeon Sprint DCSS version 0.24-a0-439-g6dd8730de2 (webtiles) character file.

Game seed: 9714042757157482347

333 mahrnol the Basher (level 6, -6/61 HPs)
             Began as a Hill Orc Fighter on June 17, 2019.
             Was a Believer of Makhleb.
             Mangled by a manticore (8 damage)
             ... in the Dungeon (Sprint IX: "|||||||||||||||||||||||||||||").
             The game lasted 00:07:17 (404 turns).

mahrnol the Basher (Hill Orc Fighter)                Turns: 404, Time: 00:07:18

Health: -6/61      AC: 10    Str: 26    XL:     6   Next: 53%
Magic:  2/10       EV: 10    Int: 11    God:    Makhleb [**....]
Gold:   0          SH: 11    Dex: 10    Spells: 5/5 levels left

rFire    . . .     SeeInvis .   a - +0 flail
rCold    . . .     Gourm    .   c - +0 shield
rNeg     . . .     Faith    .   x - +1 scale mail
rPois    .         Spirit   .   w - +0 helmet
rElec    .         Reflect  .   (no cloak)
rCorr    .         Harm     .   (no gloves)
MR       .....     NoTele   +   (no boots)
Stlth    ..........             (no amulet)
HPRegen  0.20/turn              b - +2 ring of evasion
MPRegen  0.12/turn              y - +3 ring of intelligence

@: mighty
A: no striking features
a: Minor Destruction, Renounce Religion


You were in the Dungeon.
You worshipped Makhleb.
Makhleb was pleased with you.
You were not hungry.

You visited 1 branch

Inventory:

Hand Weapons
 a - a +0 flail (weapon)
 q - a +2 dire flail of crushing
 r - a +2 halberd of venom
 s - a +4 quarterstaff of speed
 t - a +2 rapier of draining
 u - a +2 scimitar of electrocution
 v - a +3 war axe of chopping
Armour
 c - a +0 shield (worn)
 w - a +0 helmet (worn)
 x - a +1 scale mail (worn)
Jewellery
 b - a +2 ring of evasion (left hand)
 y - a +3 ring of intelligence (right hand)
Wands
 p - a wand of iceblast (10)
Scrolls
 k - 2 scrolls of blinking
 n - 3 scrolls of remove curse
 o - 2 scrolls of amnesia
Potions
 e - 5 potions of curing
 g - 2 potions of heal wounds
 h - a potion of haste
 i - 4 potions of magic
 j - a potion of berserk rage
 m - a potion of invisibility
Comestibles
 f - a ration
 l - 3 chunks of flesh


   Skills:
 + Level 7.7 Fighting
 + Level 8.9 Maces & Flails
 + Level 6.3 Armour
 + Level 7.6 Shields
 * Level 5.7 Invocations


You had 5 spell levels left.
You didn't know any spells.
Your spell library was empty.

Dungeon Overview and Level Annotations

Branches:
Dungeon (1/1)

Altars:
Cheibriados
Dithmenos
Elyvilon
Fedhas
Gozag
Hepliaklqana
Kikubaaqudgha
Makhleb
Nemelex Xobeh
Okawaru
Qazlal
Ru
Sif Muna
Trog
Uskayaw
Vehumet
Wu Jian
Xom
Yredelemnul
Zin
The Shining One
Beogh
Jiyva
Lugonu


Message History

The manticore claws you but does no damage.
You feel much better.
The manticore bites you but does no damage.
You block the manticore's attack.
The manticore claws you but does no damage.
You feel very mighty all of a sudden. The manticore bites you!
The manticore claws you but does no damage.
The manticore claws you!
You closely miss the manticore.
The manticore is heavily wounded.
You block the manticore's attack. The manticore claws you.
* * * LOW HITPOINT WARNING * * *
You block the manticore's attack.
You sock the manticore!
The manticore is severely wounded.
The manticore bites you!
* * * LOW HITPOINT WARNING * * *
You block the manticore's attack. The manticore claws you!
You die... ▓▓▓▓▓▓▓▓▓▓▓▓▓▓▓▓▓▓▓▓▓▓▓▓ '..|.[.[..÷.....@H.CH... ▓▓▓▓▓▓▓▓▓▓▓▓▓▓▓▓▓▓▓▓▓▓▓▓

You could see 2 manticores and a cyclops.

Vanquished Creatures
  An eye of draining (D)
  A bullfrog (D)
  A crimson imp (D)
  3 hounds (D)
  An iguana (D)
  2 adders (D)
  A dart slug (D)
  A leopard gecko (D)
  A ball python (D)
  A bat skeleton (D)
  A giant cockroach (D)
  A goblin (D)
  A hobgoblin (D)
  A kobold (D)
  A giant cockroach zombie (D)
18 creatures vanquished.

Notes
Turn   | Place    | Note
-------+----------+-------------------------------------------
     0 | D        | mahrnol the Hill Orc Fighter began the quest for the Orb.
     0 | D        | Reached XP level 1. HP: 19/19 MP: 1/1
   117 | D        | Reached XP level 2. HP: 26/28 MP: 2/2
   129 | D        | Noticed a crimson imp
   170 | D        | Reached skill level 3 in Maces & Flails
   175 | D        | Reached skill level 5 in Fighting
   175 | D        | Reached skill level 4 in Maces & Flails
   175 | D        | Reached skill level 5 in Shields
   175 | D        | Reached XP level 3. HP: 18/36 MP: 3/3
   181 | D        | Reached skill level 5 in Maces & Flails
   181 | D        | Reached skill level 5 in Armour
   181 | D        | Reached XP level 4. HP: 23/44 MP: 4/4
   190 | D        | Found a roughly hewn altar of Beogh.
   190 | D        | Found a snail-covered altar of Cheibriados.
   190 | D        | Found a shadowy altar of Dithmenos.
   190 | D        | Found a white marble altar of Elyvilon.
   190 | D        | Found a blossoming altar of Fedhas.
   190 | D        | Found an opulent altar of Gozag.
   191 | D        | Found a hazy altar of Hepliaklqana.
   192 | D        | Found a viscous altar of Jiyva.
   193 | D        | Found an ancient bone altar of Kikubaaqudgha.
   194 | D        | Found a corrupted altar of Lugonu.
   195 | D        | Found a burning altar of Makhleb.
   196 | D        | Found a sparkling altar of Nemelex Xobeh.
   197 | D        | Found an iron altar of Okawaru.
   198 | D        | Found a stormy altar of Qazlal.
   199 | D        | Found a sacrificial altar of Ru.
   200 | D        | Found a deep blue altar of Sif Muna.
   201 | D        | Found a bloodstained altar of Trog.
   202 | D        | Found a hide-covered altar of Uskayaw.
   203 | D        | Became a worshipper of Makhleb the Destroyer
   204 | D        | Found a radiant altar of Vehumet.
   205 | D        | Found an ornate altar of the Wu Jian Council.
   206 | D        | Found a shimmering altar of Xom.
   207 | D        | Found a basalt altar of Yredelemnul.
   208 | D        | Found a glowing silver altar of Zin.
   209 | D        | Found a glowing golden altar of the Shining One.
   326 | D        | Noticed a bullfrog
   334 | D        | Reached * piety under Makhleb
   334 | D        | Reached skill level 6 in Maces & Flails
   334 | D        | Reached skill level 1 in Invocations
   341 | D        | Reached XP level 5. HP: 41/51 MP: 4/7
   360 | D        | Reached ** piety under Makhleb
   360 | D        | Reached skill level 7 in Maces & Flails
   385 | D        | Noticed an eye of draining
   385 | D        | Noticed a manticore
   385 | D        | Noticed a shadow
   385 | D        | Noticed a cyclops
   385 | D        | Noticed a manticore
   389 | D        | Reached skill level 8 in Maces & Flails
   389 | D        | Reached XP level 6. HP: 60/60 MP: 4/9
   394 | D        | Killed an eye of draining
   394 | D        | Reached skill level 5 in Invocations
   404 | D        | HP: 2/61 [manticore (15)]
   404 | D        | Mangled by a manticore

Levels and vault maps discovered:
D:        linesprint [early_d, line_temple, items_1, d_10, items_2, lair_1,
          lair_end, items_3, orc_1, orc_end, items_4, d_15, swamp_1, shoals_1,
          snake_1, spider_1, d_20, vaults_1, items_5, swamp_end, shoals_end,
          snake_end, spider_end, vaults_end, d_27, items_6, zot_1, zot_end,
          crypt_end, forest_end, elf_end, slime_end, tomb_end, abyss_end,
          pan_hell_end]

Skill      XL: |  1  2  3  4  5  6 |
---------------+-------------------+-----
Fighting       | 4 5 6 7 |  7.7
Armour         | 4 5 6 |  6.3
Shields        | 4 5 6 7 |  7.6
Maces & Flails | 4 5 6 8 |  8.9
Invocations    | 2 4 5 |  5.7

Action                   |  1- 3 |  4- 6 || total
-------------------------+-------+-------++-------
Melee: Flail             |    64 |    51 ||   115
  Use: Potion            |       |     2 ||     2
Armor: Scale mail        |    22 |    18 ||    40
Dodge: Dodged            |    20 |    21 ||    41
Block: Shield            |    34 |    27 ||    61

Table legend:
 A = Non-vault XP
 B = Vault XP
 C = Vault XP percentage of total XP
 D = Non-vault monster count
 E = Vault monster count
 F = Vault count percentage of total count
                 A         B        C        D         E       F
            +---------+---------+-------+---------+---------+-------
      Total |       0 |     477 | 100.0 |       0 |      18 | 100.0
            +---------+---------+-------+---------+---------+-------
          D |       0 |     477 | 100.0 |       0 |      18 | 100.0
            +---------+---------+-------+---------+---------+-------
